Map: 애씨드 플랜트 - 래더

Players

Trap - Winner!

  • Race: Protoss Protoss
  • League: Master
  • Spawn Location: 11:00

soul

  • Race: Terran Terran
  • Spawn Location: 5:00

Event: HomeStory Cup XVIII

VOD

Have the link to the VOD?

Description

Time

  • Played on: Nov. 23, 2018, 10:42 a.m.
  • Length: 5:36

All games in this series

Show
View Real Time Build Order
Export as new Build Order

Trap Protoss - Winner!

Build Orders: 1 Gate Expand, Blink Stalkers 

Get SALT Encoding   

  12  0:00  Probe  
  13  0:12  Probe  
  14  0:18  Pylon  
  14  0:24  Probe  
  15  0:32  Probe  
  15  0:37  Gateway  
  15  0:40  Probe  
  16  0:46  Assimilator  
  17  0:51  Probe  
  18  1:03  Probe  
  19  1:15  Probe  
  20  1:25  Nexus  
  20  1:33  Cybernetics Core  
  20  1:36  Probe  
  21  1:45  Assimilator  
  21  1:48  Probe  
  21  1:51  Pylon  
  21  2:00  Probe  
  21  2:01  Adept  
  22  2:09  Warp Gate  
  22  2:12  Probe  
  25  2:19  Twilight Council  
  25  2:24  Probe  
  25  2:28  Adept  
  28  2:33  Probe x2  
  30  2:38  Blink  
  30  2:41  Probe x2  
  30  2:51  Probe  
  32  2:52  Probe  
  32  2:55  Stalker  
  37  3:05  Probe x2  
  38  3:26  Probe x2  
  40  3:30  Stalker  
  40  3:31  Gateway  
  40  3:33  Pylon  
  40  3:34  Gateway  
  42  3:38  Probe x2  
  44  3:44  Pylon  
  44  3:49  Robotics Facility  
  44  3:55  Probe x2  
  48  4:04  Shield Battery  
  48  4:09  Probe x2  
  48  4:12  Assimilator  
  48  4:16  Stalker  
  50  4:22  Shield Battery x2  
  48  4:27  Stalker x2  
  49  4:31  Probe  
  50  4:39  Stalker  
  50  4:41  Immortal  
  52  4:51  Stalker  
  52  4:52  Stalker  
  60  5:06  Probe x2  
  60  5:15  Stalker  
  60  5:17  Pylon  
  60  5:19  Pylon  
  62  5:31  Nexus  
Show
View Real Time Build Order
Export as new Build Order

soul Terran 

Build Orders:  

Get SALT Encoding   

  12  0:00  SCV  
  13  0:13  SCV  
  14  0:17  Supply Depot  
  14  0:25  SCV  
  15  0:39  Barracks, SCV  
  16  0:44  Refinery  
  16  0:51  SCV  
  17  1:03  SCV  
  18  1:15  SCV  
  19  1:26  Marine  
  19  1:28  Orbital Command  
  20  1:47  Command Center  
  20  1:59  Factory  
  20  2:02  SCV  
  22  2:09  Supply Depot  
  22  2:11  Marine  
  22  2:16  Refinery  
  22  2:19  SCV  
  23  2:30  Marine  
  23  2:31  SCV  
  25  2:43  Factory Tech Lab, SCV  
  26  2:48  Marine  
  27  2:56  SCV  
  28  3:00  Orbital Command  
  28  3:02  Cyclone, Mag-Field Accelerator  
  31  3:08  SCV  
  31  3:11  Marine  
  33  3:26  SCV  
  33  3:27  SCV  
  33  3:29  Marine  
  33  3:34  Cyclone  
  35  3:38  SCV  
  35  3:39  Starport  
  35  3:40  SCV  
  37  3:47  Marine  
  38  3:50  SCV  
  38  3:52  SCV  
  39  4:02  SCV  
  36  4:05  Marine, SCV  
  36  4:07  Supply Depot  
  36  4:08  Cyclone  
  39  4:15  SCV  
  40  4:17  SCV  
  40  4:22  Marine  
  40  4:24  Starport Tech Lab  
  40  4:27  SCV  
  40  4:29  SCV  
  42  4:33  Supply Depot  
  42  4:39  SCV  
  42  4:40  Marine  
  42  4:41  SCV  
  45  4:47  Banshee  
  45  4:51  SCV  
  46  4:55  SCV  
  46  4:58  Cyclone  
  43  5:03  SCV  
  40  5:07  SCV  
  40  5:14  Barracks Reactor  
  40  5:18  SCV  
  37  5:22  SCV  
Tags
 
Add a new tag
Caveats
  • Supply blocks, unpowered buildings, or Contaminate may cause inaccurate times.
  • Supply counts are checked every 10 seconds.